 Dungeon Crawl Stone Soup version 0.17-a0-1092-gc664a5b (console) character file.

16613 Monkaria the Protected (level 12, -7/86 HPs)
             Began as a Demonspawn Chaos Knight on May 20, 2015.
             Mangled by a komodo dragon (22 damage)
             ... on level 1 of the Lair of Beasts.
             The game lasted 01:01:58 (18874 turns).

Monkaria the Protected (Demonspawn Chaos Knight)   Turns: 18874, Time: 01:01:58

Health: -7/86      AC: 21    Str: 20    XL:     12   Next: 11%
Magic:  12/12      EV: 14    Int: 15    God:    Xom [*.....]
Gold:   1704       SH:  0    Dex: 13    Spells: 0 memorised, 11 levels left

rFire  . . .     SeeInvis .     a - +0 falchion (chaos)
rCold  . . .     Clarity  .     X - +0 scale mail
rNeg   + + .     SustAb   .     (no shield)
rPois  .         Gourm    .     (helmet restricted)
rElec  .         Spirit   .     H - +0 cloak
rCorr  .         Warding  +     (no gloves)
rMut   .         Stasis   .     q - +2 pair of boots {Stlth+}
MR     .....                    h - amulet of warding
Stlth  ++++......               J - ring of positive energy
                                j - +2 ring of strength

@: not resistant to hostile enchantments, stealthy
A: horns 1, iridescent scales 2, foul stench 1, nightstalker 3, sense
surroundings 2, shaggy fur 1, strong 1, rot immunity
a: Renounce Religion


You were on level 1 of the Lair of Beasts.
You worshipped Xom.
You were a special plaything of Xom.
You were not hungry.

You visited 3 branches of the dungeon, and saw 14 of its levels.
You also visited: Sewer.

You collected 1704 gold pieces.

Inventory:

Hand weapons
 a - a +0 falchion of chaos (weapon)
 e - a +1 blowgun of evasion
 v - a +3 flail
 P - a +4 dagger
Missiles
 k - 93 poisoned needles
 s - 6 curare-tipped needles
 K - 9 tomahawks (quivered)
 S - 2 poisoned tomahawks
Armour
 q - a +2 pair of boots of stealth (worn)
 H - a +0 cloak (worn)
 X - a +0 scale mail (worn)
Jewellery
 h - an amulet of warding (around neck)
 j - a +2 ring of strength (left hand)
 l - an uncursed ring of ice
 J - a ring of positive energy (right hand)
 U - an uncursed amulet of regeneration
Magical devices
 m - a wand of magic darts (1)
 x - a wand of disintegration (10)
 N - a wand of random effects (21)
 O - a wand of paralysis (6)
 Q - a wand of flame (28)
Scrolls
 p - 7 scrolls of magic mapping
 r - a scroll of blinking
 t - 3 scrolls of fog
 w - 13 scrolls of teleportation
 A - 2 scrolls of fear
 F - 4 scrolls of remove curse
 R - a scroll of vulnerability {unknown}
Potions
 b - a potion of heal wounds
 g - 8 potions of might
 i - 2 potions of curing
 o - a potion of agility
 z - 3 potions of flight
 G - 2 potions of invisibility
Comestibles
 c - 10 bread rations
 f - 4 chunks of flesh
 n - a beef jerky
 u - a meat ration


   Skills:
 - Level 5.2 Fighting
 - Level 11.2 Long Blades
 - Level 12.0 Armour
 + Level 7.5 Dodging


You had 11 spell levels left.
You didn't know any spells.

Dungeon Overview and Level Annotations

Branches:
Dungeon (12/15)            Temple (1/1) D:5            Lair (1/8) D:9
    Orc (0/4) D:11

Altars:
Ashenzari
Cheibriados
Dithmenos
Elyvilon
Fedhas
Gozag
Kikubaaqudgha
Makhleb
Nemelex Xobeh
Okawaru
Qazlal
Ru
Sif Muna
Trog
Vehumet
Xom
Yredelemnul
Zin
The Shining One

Shops:
D:11 (

Annotations:
Lair:1 Monkaria's ghost, experienced DsCK


Innate Abilities, Weirdness & Mutations

You have a pair of small horns on your head.
You are mostly covered in iridescent scales (AC +6).
You may emit foul miasma when damaged in melee.
You are completely attuned to the shadows.
You are immune to rotting.
You passively map the area around you.
You are covered in fur (AC +1).
Your muscles are strong. (Str +2)


Message History

The komodo dragon bites you.
Unknown command.
You hit the komodo dragon. Your headbutt misses the komodo dragon.
The komodo dragon is severely wounded.
The komodo dragon bites you but does no damage.
You hit the komodo dragon. You freeze the komodo dragon.
The komodo dragon seems to slow down.
The komodo dragon is almost dead.
The komodo dragon bites you!!
* * * LOW HITPOINT WARNING * * *
Unknown command.
Unknown command.
You hit the komodo dragon but do no damage.
You headbutt the komodo dragon, but do no damage.
The komodo dragon is almost dead.
The komodo dragon barely misses you.
You barely miss the komodo dragon.
The komodo dragon is almost dead.
The komodo dragon bites you!!
You die...

*
##...#...........
, * *
##...#.8.8.#....
#
*##..#.....#..##
* * # , ,,
............. ,,
# , , *
......##..##**, ,
, *,...##.....# *
, ## *,
#........## , ...
, , * *#.....###
*### ** ,
###@###* , # * *
###P.l#.. # , ,
,.....(.... , , ,
* , .......... *
* * , ,......!...
* * ,, *,,,
....$..... * ,* *
** ,,......... *
, * , , , *,,* ,,
, ,, ,,, ,


You could see a komodo dragon (berserk).

Vanquished Creatures
  A hydra (D:11)
  A centaur warrior (D:9)
  Sonja (Lair:1)
  An unseen horror (D:12)
  A hill giant (D:12)
  Pikel (D:9)
  The ghost of futacatgirl the Conjurer, an experienced NaCj (D:6)
  An ugly thing (D:11)
  Joseph (Lair:1)
  A spiny frog (Lair:1)
  A two-headed ogre (D:5)
  2 trolls
  4 slime creatures (D:12)
  A tarantella (D:10)
  2 yaks (D:10)
  A hill giant zombie (D:11)
  A wyvern (D:12)
  7 humans (D:10)
  5 hungry ghosts
  A basilisk (Lair:1)
  A hog (D:8)
  A hippogriff (D:9)
  A soldier ant (D:12)
  2 water moccasins
  2 orc warriors
  3 sky beasts
  3 porcupines (Lair:1)
  2 phantoms
  4 ice beasts
  A black bear (D:10)
  A wasp (D:9)
  An eye of draining (D:9)
  11 centaurs
  2 crocodiles
  6 ogres
  3 big kobolds
  10 giant frogs
  A wyvern zombie (D:12)
  Dowan (D:4)
  2 scorpions
  4 killer bees (D:10)
  5 wights (D:7)
  5 orc priests
  A quasit (D:8)
  A giant frog zombie (D:8)
  3 centaur zombies
  A jelly (D:6)
  6 crimson imps
  2 giant frog skeletons
  6 hounds
  10 orc wizards
  6 iguanas
  A centaur skeleton (D:6)
  A sheep (D:10)
  4 worker ants
  4 ogre zombies (D:11)
  A hound skeleton (D:4)
  3 worker ant zombies
  18 river rats
  19 adders
  3 gnolls (D:10)
  4 shadow imps
  An ooze (Sewer)
  An adder skeleton (D:7)
  5 worms
  2 giant geckos
  26 orcs
  16 bats
  10 giant cockroaches
  24 goblins
  22 hobgoblins
  14 jackals
  7 quokkas
  15 ball pythons
  A giant cockroach zombie (D:5)
  7 giant newts
  A hobgoblin skeleton (D:11)
  7 hobgoblin zombies (D:11)
  17 kobolds
  8 orc zombies (D:11)
  A quokka skeleton (D:5)
  32 rats
418 creatures vanquished.

Vanquished Creatures (collateral kills)
  The ghost of tyrsky the Ruffian, an average NaMo (D:3)
  A centaur zombie (D:10)
  A hound (D:3)
  An orc (D:3)
  A goblin (D:3)
  2 hobgoblins (D:3)
  An orc zombie (D:11)
8 creatures vanquished.

Vanquished Creatures (others)
  A human (D:10)
  Duvessa (D:4)
  3 slaves (D:9)
  A crimson imp (D:11)
  2 quasits
  A hound (D:10)
  A sheep (D:10)
  A white imp (D:11)
  An ufetubus (D:11)
  2 orcs (D:9)
  2 jackals (D:10)
  A plant (Lair:1)
17 creatures vanquished.

Grand Total: 443 creatures vanquished

Notes
Turn   | Place    | Note
--------------------------------------------------------------
     0 | D:1      | Monkaria the Demonspawn Chaos Knight began the quest for the Orb.
     0 | D:1      | Reached XP level 1. HP: 18/18 MP: 1/1
   279 | D:1      | Gained mutation: You are immune to rotting. [demonic ancestry]
   279 | D:1      | Reached XP level 2. HP: 17/24 MP: 2/2
   420 | D:1      | XOM: divination: detect creatures
   509 | D:1      | XOM: smoke on damage
   513 | D:1      | Reached skill level 4 in Fighting
   663 | D:1      | XOM: give mutations
   663 | D:1      | Gained mutation: Your muscles are strong. (Str +2) [Xom's grace]
   663 | D:1      | Gained mutation: Your flesh is cold resistant. [Xom's grace]
   663 | D:1      | Gained mutation: Your flesh is very cold resistant. [Xom's grace]
   663 | D:1      | Gained mutation: You passively map a small area around you. [Xom's grace]
   673 | D:1      | Reached XP level 3. HP: 7/31 MP: 3/3
   916 | D:1      | XOM: vitrification
   917 | D:1      | XOM: scenery: 1 doors open, 1 doors close
  1149 | D:2      | XOM: swap monsters
  1237 | D:2      | XOM: vitrification
  1273 | D:2      | XOM: divination: detect items
  1526 | D:2      | XOM: cast spell 'Beastly Appendage'
  1547 | D:2      | XOM: butterfly on damage
  1549 | D:2      | Gained mutation: You may emit foul miasma when damaged in melee. [demonic ancestry]
  1549 | D:2      | Reached XP level 4. HP: 21/38 MP: 4/4
  1610 | D:2      | Reached skill level 5 in Fighting
  1767 | D:2      | XOM: god gift: 3 meat rations
  1936 | D:2      | XOM: god gift: 17 stones
  1966 | D:3      | XOM: give mutation
  1966 | D:3      | Gained mutation: You passively map the area around you. [Xom's grace]
  2009 | D:3      | XOM: potion effect (heal wounds)
  2014 | D:3      | XOM: give mutation
  2014 | D:3      | Gained mutation: Your flesh is heat resistant. [Xom's grace]
  2097 | D:3      | Found a glowing drain.
  2252 | Sewer    | Entered a sewer
  2380 | Sewer    | XOM: polymorph rat -> bat
  2428 | Sewer    | Reached XP level 5. HP: 38/44 MP: 5/5
  2443 | Sewer    | XOM: god gift: runed war axe {god gift}
  2723 | Sewer    | XOM: god gift: 740 gold pieces
  2787 | Sewer    | XOM: god gift: pair of embroidered boots {god gift}
  2807 | Sewer    | XOM: vitrification
  3130 | Sewer    | XOM: god gift: leatherbound book {god gift}
  3159 | Sewer    | Noticed a giant frog
  3159 | Sewer    | Noticed a giant frog
  3159 | Sewer    | XOM: 1-stop teleportation journey
  3228 | Sewer    | Killed a giant frog
  3228 | Sewer    | Gained mutation: You are slightly more attuned to the shadows. [demonic ancestry]
  3228 | Sewer    | Reached XP level 6. HP: 49/51 MP: 6/6
  3240 | Sewer    | Killed a giant frog
  3240 | Sewer    | Reached skill level 5 in Long Blades
  3439 | D:3      | Noticed tyrsky's ghost (average NaMo)
  3442 | D:3      | XOM: summons friendly red devil
  3450 | D:3      | Killed tyrsky's ghost
  3686 | D:3      | Reached skill level 6 in Long Blades
  3988 | D:4      | Gained mutation: You are significantly more attuned to the shadows. [demonic ancestry]
  3988 | D:4      | Reached XP level 7. HP: 26/56 MP: 7/7
  5144 | D:4      | Noticed Duvessa
  5144 | D:4      | Noticed Dowan
  5152 | D:4      | XOM: medium Air miscast
  5156 | D:4      | Killed Duvessa
  5178 | D:4      | XOM: summons 3 hostile shadow creatures
  5190 | D:4      | Killed Dowan
  5190 | D:4      | Reached skill level 7 in Long Blades
  5344 | D:4      | XOM: give mutations
  5344 | D:4      | Gained mutation: Your flesh is very heat resistant. [Xom's mischief]
  5344 | D:4      | Lost mutation: Your muscles are strong. (Str +2) [Xom's mischief]
  5344 | D:4      | Lost mutation: Your flesh is very heat resistant. [Xom's mischief]
  5803 | D:5      | Entered Level 5 of the Dungeon
  5845 | D:5      | XOM: stat loss: -1 Dex (11/12)
  5936 | D:5      | XOM: mild Erth miscast
  6195 | D:5      | Reached skill level 8 in Long Blades
  6195 | D:5      | Gained mutation: You are partially covered in iridescent scales (AC +4). [demonic ancestry]
  6195 | D:5      | Reached XP level 8. HP: 55/62 MP: 8/8
  6293 | D:5      | Found a staircase to the Ecumenical Temple.
  6310 | D:5      | XOM: mild Hex miscast
  6312 | Temple   | Entered the Ecumenical Temple
  6329 | Temple   | XOM: give mutation
  6329 | Temple   | Lost mutation: Your flesh is very cold resistant. [Xom's mischief]
  6342 | Temple   | XOM: 1-stop teleportation journey
  6667 | D:5      | XOM: 4-stop teleportation journey
  6835 | D:5      | Noticed a two-headed ogre
  6835 | D:5      | a black bear changed into a two-headed ogre
  6840 | D:5      | Killed a two-headed ogre
  6840 | D:5      | Reached skill level 9 in Long Blades
  6880 | D:5      | XOM: medium Conj miscast
  7261 | D:5      | XOM: give mutations
  7261 | D:5      | Lost mutation: Your flesh is cold resistant. [Xom's mischief]
  7261 | D:5      | Lost mutation: Your flesh is heat resistant. [Xom's mischief]
  7654 | D:6      | Found an opulent altar of Gozag.
  7713 | D:6      | Reached skill level 10 in Long Blades
  7955 | D:6      | Noticed futacatgirl's ghost (experienced NaCj)
  7975 | D:6      | Killed futacatgirl's ghost
  7975 | D:6      | Gained mutation: You have a pair of small horns on your head. [demonic ancestry]
  7975 | D:6      | Reached XP level 9. HP: 51/68 MP: 9/9
  8122 | D:6      | XOM: blink monster(s)
  8131 | D:6      | XOM: divination: detect creatures
  8304 | D:6      | XOM: divination: detect items
  8528 | D:6      | XOM: enchant monster (bad)
  8572 | D:6      | XOM: torment (39/68 hp)
  8627 | D:6      | XOM: colour smoke trail
  8660 | D:6      | XOM: harmless Summ miscast
  8697 | D:6      | XOM: god gift: iron wand {god gift}
  8794 | D:6      | XOM: vitrification
  9042 | D:7      | XOM: god gift: bread ration
  9093 | D:7      | XOM: chaos upgrade
  9172 | D:7      | XOM: cast spell 'Olgreb's Toxic Radiance'
  9175 | D:7      | Reached skill level 5 in Armour
  9364 | D:7      | Found a white marble altar of Elyvilon.
  9364 | D:7      | Found a glowing silver altar of Zin.
  9365 | D:7      | Found a glowing golden altar of the Shining One.
  9432 | D:7      | Found a sparkling altar of Nemelex Xobeh.
  9442 | D:7      | Found a shadowy altar of Dithmenos.
  9443 | D:7      | Found a shimmering altar of Xom.
  9443 | D:7      | Found a basalt altar of Yredelemnul.
  9443 | D:7      | Found a deep blue altar of Sif Muna.
  9446 | D:7      | Found a stormy altar of Qazlal.
  9790 | D:7      | XOM: potion effect (berserk rage)
 10046 | D:8      | XOM: divination: detect items
 10247 | D:8      | XOM: potion effect (heal wounds)
 10538 | D:8      | XOM: divination: magic mapping
 10546 | D:8      | Reached XP level 10. HP: 74/74 MP: 10/10
 10550 | D:8      | Gained mutation: You are covered in fur (AC +1). [mutagenic meat]
 10551 | D:8      | Gained mutation: You can breathe flames. [mutagenic meat]
 10553 | D:8      | Gained mutation: Your muscles are strong. (Str +2) [mutagenic meat]
 10764 | D:8      | Found a snail-covered altar of Cheibriados.
 10783 | D:8      | XOM: mild Tloc miscast
 10931 | D:9      | Found a staircase to the Lair.
 11035 | D:9      | Noticed Pikel
 11048 | D:9      | XOM: potion effect (berserk rage)
 11053 | D:9      | XOM: confuse monster(s)
 11054 | D:9      | Killed Pikel
 11263 | D:9      | XOM: noise
 11371 | D:9      | Noticed a centaur warrior
 11383 | D:9      | Killed a centaur warrior
 11545 | D:9      | XOM: scenery: 2 doors close
 11573 | D:9      | XOM: harmless Fire miscast
 11762 | Lair:1   | Entered Level 1 of the Lair of Beasts
 11792 | Lair:1   | Noticed a five-headed hydra
 11797 | Lair:1   | XOM: summons friendly quasit
 12023 | Lair:1   | XOM: potion effect (curing)
 12025 | Lair:1   | XOM: silly message
 12049 | D:9      | XOM: harmless Air miscast
 12066 | D:9      | Reached skill level 10 in Armour
 12395 | D:9      | XOM: cast spell 'Dragon Form'
 12427 | D:9      | XOM: enchant monster (bad)
 12598 | D:10     | Entered Level 10 of the Dungeon
 12615 | D:10     | XOM: harmless Air miscast
 13105 | D:10     | XOM: summons 2 friendly demons
 13120 | D:10     | Reached skill level 11 in Armour
 13141 | D:10     | Gained mutation: You are completely attuned to the shadows. [demonic ancestry]
 13141 | D:10     | Reached XP level 11. HP: 45/80 MP: 11/11
 13141 | D:10     | XOM: destruction
 13161 | D:10     | XOM: summons friendly quasit
 13279 | D:10     | XOM: polymorph quasit -> iron imp
 13309 | D:10     | XOM: colour smoke trail
 13634 | D:10     | XOM: harmless Pois miscast
 14047 | D:10     | XOM: vitrification
 14220 | D:11     | XOM: summons 4 friendly demons
 14246 | D:11     | XOM: summons friendly ufetubus
 14272 | D:11     | XOM: cast spell 'Warp Weapon'
 14273 | D:11     | XOM: swap monsters
 14274 | D:11     | XOM: confuse monster(s)
 14342 | D:11     | Noticed a six-headed hydra
 14380 | D:11     | XOM: 1-stop teleportation journey
 14529 | D:11     | XOM: noise
 14590 | D:11     | Reached skill level 12 in Armour
 14693 | D:11     | Found a staircase to the Orcish Mines.
 14959 | D:11     | XOM: cast spell 'Dispersal'
 14981 | D:11     | Killed a six-headed hydra
 15384 | D:11     | XOM: cast spell 'Statue Form'
 15579 | D:11     | XOM: harmless Conj miscast
 15594 | D:11     | Reached skill level 1 in Dodging
 15651 | D:11     | Found Vepsuih's Weapon Boutique.
 15882 | D:12     | XOM: cast spell 'Dispersal'
 15886 | D:12     | XOM: mild Pois miscast
 16211 | D:12     | XOM: mild Trmt miscast
 16490 | D:12     | Noticed a hill giant
 16509 | D:12     | XOM: potion effect (agility)
 16514 | D:12     | Killed a hill giant
 16514 | D:12     | Reached skill level 5 in Dodging
 16657 | D:12     | XOM: harmless Tloc miscast
 16676 | D:12     | XOM: silly message
 16785 | D:12     | XOM: harmless Trmt miscast
 16842 | D:12     | Killed an unseen horror
 16884 | D:12     | XOM: colour smoke trail
 17244 | D:12     | Noticed a seven-headed hydra
 17377 | D:12     | XOM: noise
 17461 | D:12     | XOM: mild Trmt miscast
 17657 | D:12     | XOM: cast spell 'Ice Form'
 17794 | D:10     | XOM: cast spell 'Stoneskin'
 17797 | D:10     | XOM: confusion
 17805 | D:10     | XOM: fog
 18035 | D:10     | XOM: colour smoke trail
 18357 | Lair:1   | Noticed Joseph
 18362 | Lair:1   | XOM: noise
 18375 | Lair:1   | Killed Joseph
 18409 | Lair:1   | Gained mutation: You are mostly covered in iridescent scales (AC +6). [demonic ancestry]
 18409 | Lair:1   | Reached XP level 12. HP: 19/86 MP: 12/12
 18570 | Lair:1   | Noticed Monkaria's ghost (experienced DsCK)
 18573 | Lair:1   | XOM: mild Pois miscast
 18701 | Lair:1   | XOM: mild Erth miscast
 18745 | Lair:1   | Noticed Sonja
 18754 | Lair:1   | Killed Sonja
 18825 | Lair:1   | Gained mutation: You possess an exceptional clarity of mind. [potion of mutation]
 18825 | Lair:1   | Lost mutation: You possess an exceptional clarity of mind. [potion of mutation]
 18825 | Lair:1   | Lost mutation: You can breathe flames. [potion of mutation]
 18870 | Lair:1   | XOM: harmless Chrm miscast
 18874 | Lair:1   | Mangled by a komodo dragon

Vault maps used:
D:1:      dpeg_arrival_houses_and_road, minmay_ruptured
D:2:      kennysheep_big_flooded_room
D:3:      kennysheep_six_static_rooms, portal_sewer_entry_b
D:4:      first_bread, minivault_19, uniq_duvessa
D:5:      black_bear_nest_2, minmay_temple_entry_mist
D:6:      grunt_gozag_breadcrumbs
D:7:      good_gods_mini_temple, minitemple
D:8:      boulder_corridor_run, kennysheep_little_box
D:9:      lair_0_dummy, blue_anna_alchemist, uniq_pikel
D:10:     erik_1
D:11:     zombieorc1_lemuel, serial_shops, shop
D:12:     nicolae_benzene_ring
Temple:   grunt_temple_mini_profane_8
Lair:1:   grunt_megastairs_2, uniq_sonja, uniq_joseph
Sewer:    sewer_minmay_w

Action                   |  1- 3 |  4- 6 |  7- 9 | 10-12 || total
-------------------------+-------+-------+-------+-------++-------
Melee: Falchion          |   109 |   329 |   577 |   933 ||  1948
       Dagger            |       |       |       |    43 ||    43
 Fire: Blowgun           |       |       |     5 |     4 ||     9
Throw: Tomahawk          |       |       |       |     5 ||     5
Evoke: Wand              |       |       |       |     3 ||     3
  Use: Scroll            |     2 |     8 |     5 |    12 ||    27
       Potion            |       |     2 |       |    15 ||    17
 Stab: Confused          |     3 |       |     3 |     8 ||    14
       Sleeping          |       |     5 |    27 |    23 ||    55
       Paralysed         |       |     4 |    12 |    15 ||    31
       Distracted        |       |       |     2 |     2 ||     4
       Petrifying        |       |       |     3 |     5 ||     8
       Petrified         |       |       |     3 |     2 ||     5
       Invisible         |       |       |       |     3 ||     3
  Eat: Chunk             |     2 |     9 |    15 |    27 ||    53
       Beef jerky        |       |       |     3 |     1 ||     4
       Pizza             |       |       |     1 |     2 ||     3
       Meat ration       |       |       |       |     1 ||     1
